 Dungeon Crawl Stone Soup version 0.21.1-1-g345015f (webtiles) character file.

23 inc the Vexing (level 2, -2/11 HPs)
             Began as a Felid Enchanter on Feb 22, 2018.
             Slain by a worm (9 damage)
             ... on level 2 of the Dungeon.
             The game lasted 00:02:01 (1012 turns).

inc the Vexing (Felid Enchanter)                    Turns: 1012, Time: 00:02:01

Health: -2/11      AC:  1    Str:  4    XL:     2   Next: 72%
Magic:  3/6        EV: 18    Int: 16    God:
Gold:   53         SH:  0    Dex: 16    Spells: 2/5 levels left
                                        Lives:  0   Deaths: 0

rFire    . . .     SeeInvis +     - Unarmed
rCold    . . .     Gourm    .   (shield unavailable)
rNeg     . . .     Faith    .   (armour unavailable)
rPois    .         Spirit   .   (helmet unavailable)
rElec    .         Reflect  .   (cloak unavailable)
rCorr    .         Harm     .   (gloves unavailable)
MR       .....                  (boots unavailable)
Stlth    +++.......             (no amulet)
HPRegen  0.03/turn              (no ring)
MPRegen  0.10/turn              (no ring)

@: very slightly contaminated, quick
A: very small, no armour, no weapons or thrown items, stealth, claws 1, fangs 3,
see invisible, carnivore, speed 1, shaggy fur 1, slow metabolism 1, sharp paws
a: no special abilities


You were on level 2 of the Dungeon.
You were not hungry.

You visited 1 branch of the dungeon, and saw 2 of its levels.

You collected 53 gold pieces.

Inventory:

Scrolls
 c - 4 scrolls of identify {unknown}
 f - a scroll of remove curse {unknown}
 h - 2 scrolls of fear {unknown}
Potions
 d - a potion of heal wounds {unknown}
 e - 2 potions of curing {unknown}
 g - a potion of invisibility {unknown}
Books
 a - a book of Maledictions

   Spells                             Type                      Level
   a - Corona                         Hexes                        1
   b - Ensorcelled Hibernation        Hexes/Ice                    2
   c - Confuse                        Hexes                        3
   d - Tukima's Dance                 Hexes                        3
   e - Dazzling Spray                 Conjuration/Hexes            3
Comestibles
 b - 2 rations


   Skills:
 - Level 2.7 Dodging
 - Level 4.2 Stealth
 - Level 1.0 Unarmed Combat
 - Level 2.1 Spellcasting
 + Level 5.1 Hexes
 + Level 0.8 Ice Magic


You had 2 spell levels left.
You knew the following spells:

 Your Spells              Type           Power        Failure   Level  Hunger
a - Corona                Hex            ###....      2%          1    #......
b - Ensorcelled Hibernat  Hex/Ice        ##....       9%          2    ###....


Dungeon Overview and Level Annotations

Branches:
Dungeon (2/15)

Altars:


Innate Abilities, Weirdness & Mutations

You cannot wear armour.
You are incapable of wielding weapons or throwing items.
Your paws allow you to move quietly. (Stealth)
You have sharp claws.
You have razor-sharp teeth.
You have supernaturally acute eyesight. (SInv)
You are carnivorous and can eat meat at any time.
You cover ground quickly.
You are covered in fur. (AC +1)
You have a slow metabolism.
Your sharp claws are effective at attacking unaware monsters.


Message History

Press: ? - help, Shift-Dir - straight line, f - you
Okay, then.
Casting: Ensorcelled Hibernation
Confirm with . or Enter, or press ? or * to list all spells.
Aiming: Ensorcelled Hibernation
Press: ? - help, Shift-Dir - straight line, f - you
Okay, then.
Casting: Ensorcelled Hibernation
Confirm with . or Enter, or press ? or * to list all spells.
Aiming: Corona
Press: ? - help, Shift-Dir - straight line, f - worm
Aim: a worm (moderately wounded, chance to defeat MR: 65%)
The worm barely resists.
You scratch the worm.
The worm is moderately wounded.
You barely miss the worm.
The worm is moderately wounded.
The worm bites you!
Ouch! That really hurt!
You die...

.### ######......... .#
######........# .#
#..............
.########
#.####.........
......... ##..######.
######### #...#
########## #.#.#
.......†.#######w#.#
...#####........@#.###
##..## #########.....##
##..#### #...#.#.#.
##..).#######..#......
....###...)...#.###.#.#.
....###.......#.#.......
..................#.#.#.
....###.................
..... #.......#...#.#.#.


You could see a worm.

Vanquished Creatures
  A leopard gecko (D:2)
  3 goblins
  2 hobgoblins
  7 kobolds
  4 bats
  A frilled lizard (D:1)
  3 rats
21 creatures vanquished.

Notes
Turn   | Place    | Note
-------+----------+-------------------------------------------
     0 | D:1      | inc the Felid Enchanter began the quest for the Orb.
     0 | D:1      | Reached XP level 1. HP: 7/7 MP: 4/4
   250 | D:1      | Reached XP level 2. HP: 10/11 MP: 6/6
   258 | D:1      | Learned a level 2 spell: Ensorcelled Hibernation
   867 | D:2      | Reached skill level 5 in Hexes
  1012 | D:2      | Slain by a worm

Skill      XL: |  1  2 |
---------------+-------+-----
Hexes          | 5 |  5.1
Dodging        | |  2.7
Stealth        | |  4.2
Unarmed Combat | |  1.0
Spellcasting   | |  2.1
Ice Magic      | |  0.8

Action                   || total
-------------------------++-------
Melee: Unarmed           ||    62
       Bite              ||     6
 Cast: Ensorcelled Hiber ||    11
       Corona            ||     1
 Stab: Sleeping          ||    11
  Eat: Chunk             ||     2
Armor: Skin              ||     7
Dodge: Dodged            ||    56
